 Dungeon Crawl Stone Soup version 0.18.1-6-gd335043 (webtiles) character file.

86 oplop the Skirmisher (level 4, 0/37 HPs)
             Began as a Formicid Abyssal Knight on May 17, 2016.
             Was a Believer of Lugonu.
             Slain by a gnoll
             ... wielding a +0 spear
              (2 damage)
             ... on level 2 of the Dungeon.
             The game lasted 00:04:43 (1495 turns).

oplop the Skirmisher (Formicid Abyssal Knight)      Turns: 1495, Time: 00:04:44

Health: 0/37       AC:  3    Str: 16 (17) XL:     4   Next: 77%
Magic:  6/6        EV: 11    Int:  8 (11) God:    Lugonu [**....]
Gold:   57         SH:  0    Dex:  9 (11) Spells: 0 memorised, 3 levels left

rFire  . . .     SeeInvis +     a - +1 hand axe
rCold  . . .     Gourm    .     b - +0 leather armour
rNeg   . . .     Faith    .     (no shield)
rPois  .         Spirit   .     (helmet unavailable)
rElec  .         Dismiss  .     (no cloak)
rCorr  .         Reflect  .     (no gloves)
SustAt .         Harm     .     (no boots)
MR     .....                    (no amulet)
Stlth  +.........               (no ring)
                                (no ring)

@: not resistant to hostile enchantments, very unstealthy
A: permanent stasis, dig shafts and tunnels, four strong arms, antennae 3
a: Dig, Shaft Self, Depart the Abyss, Bend Space, Renounce Religion


You were on level 2 of the Dungeon.
You worshipped Lugonu.
Lugonu was pleased with you.
You were not hungry.

You visited 1 branch of the dungeon, and saw 2 of its levels.
You visited the Abyss 1 time.

You collected 57 gold pieces.

Inventory:

Hand Weapons
 a - a +1 hand axe (weapon)
Armour
 b - a +0 leather armour (worn)
Scrolls
 d - a scroll of random uselessness {unknown}
 e - a scroll of teleportation {unknown}
 g - 2 scrolls of magic mapping {unknown}
 h - a scroll of remove curse {unknown}
 j - a scroll of noise {unknown}
 k - a scroll of identify {unknown}
 m - a scroll of blinking {unknown}
Comestibles
 c - 2 bread rations
 i - 4 fruits


   Skills:
 + Level 4.2 Fighting
 + Level 3.1 Axes
 - Level 2.1 Armour
 - Level 0.8 Dodging
 + Level 3.5 Invocations


You had 3 spell levels left.
You didn't know any spells.

Dungeon Overview and Level Annotations

Branches:
Dungeon (2/15)

Altars:


Innate Abilities, Weirdness & Mutations

You are under a permanent stasis effect.
You can dig through walls and to a lower floor.
Your four strong arms can wield two-handed weapons with a shield.
You have a pair of large antennae on your head (SInv).


Message History

You hit the gnoll.
The gnoll is moderately wounded.
The gnoll barely misses you.
You slash the gnoll!
The gnoll is almost dead.
The gnoll hits you but does no damage.
You barely miss the gnoll.
The gnoll is almost dead.
The gnoll closely misses you.
You hit the gnoll but do no damage.
The gnoll is almost dead.
The gnoll hits you with a spear.
* * * LOW HITPOINT WARNING * * *
You closely miss the gnoll.
The gnoll is almost dead.
The gnoll closely misses you.
You closely miss the gnoll.
The gnoll is almost dead.
The gnoll hits you with a spear.
You die...

#.#.# ## #.#J# ... #.#.#
...# #####†#)# #.#
####.###.....#.#
#................#.# #..#
#.##......#.# #.#..#
#.##......#.# #.#..#
#.##...@....## #.#..#
#.##.##g..#..##
#.#..#####.......##.##.##
#.#......).##.#.##.⌠.##.##
#.
#.##.#####...#†####.####.##
#.
#.##.########.)#.###.#.#..#
#.
#.............#.⌠.###.⌠.#.#
#.
#.##...........#.#.###.#..#
#.
...###########..#.#.#.#...#
#.


You could see a gnoll.

Vanquished Creatures
  3 gnolls (D:2)
  3 oozes
  A worm (D:2)
  2 dart slugs (D:2)
  2 giant geckos (D:1)
  A ball python (D:1)
  2 giant cockroaches (D:1)
  6 goblins
  3 hobgoblins
  5 bats
  2 giant newts
  4 kobolds
  4 rats
38 creatures vanquished.

Notes
Turn   | Place    | Note
--------------------------------------------------------------
     0 | Abyss:1  | oplop the Formicid Abyssal Knight began the quest for the Orb.
     0 | Abyss:1  | Reached XP level 1. HP: 18/18 MP: 2/2
     5 | D:1      | Escaped the Abyss
   436 | D:1      | Reached XP level 2. HP: 15/24 MP: 3/3
   864 | D:1      | Wingboner: С Рю прикольно лечиться за ДД. Такая мини-игра.
   866 | D:1      | oplop: в смысле?
   866 | D:1      | oplop: отбить дрейн до следующего хила? лол
   870 | D:1      | Wingboner: Да.
   892 | D:1      | Reached XP level 3. HP: 24/30 MP: 4/4
   908 | D:1      | Reached ** piety under Lugonu
   930 | D:1      | oplop: ммм
   930 | D:1      | oplop: лугону же оружие в дисторт переделывает?
   949 | D:1      | oplop: ??lugonu
   949 | D:1      | beem: lugonu[1/4]: Lugonu grants the ability to leave the abyss, {bend space}, banish monsters to the abyss and invoke {corruption}. You can banish yourself instantly at a significant hp+mp cost, and permanently distortion-brand a weapon once at an altar of Lugonu, which can be easily made by using {corruption} in the Temple.
   949 | D:1      | Wingboner: Да один раз, и его можно безопасно снимать/надевать.
   949 | D:1      | oplop: мм, экзек дисторшна
   949 | D:1      | oplop: ??lugonu[2
   949 | D:1      | beem: lugonu[2/4]: Lugonu prevents distortion unwield effects
   949 | D:1      | oplop: ??lugonu[3
   949 | D:1      | beem: lugonu[3/4]: Lugonu was originally named Lucy, so it is traditional to consider this god female. The gods intentionally have no gender mentioned in-game though, and it would be considered a bug if they were to.
   949 | D:1      | oplop: ??lugonu[4
   949 | D:1      | beem: lugonu[4/4]: http://puu.sh/oBaVj/0ef5b0db9e.jpg
  1175 | D:2      | Reached skill level 4 in Fighting
  1200 | D:2      | oplop: ??distortion
  1200 | D:2      | beem: distortion[1/5]: A weapon brand. When it hits, inflicts a random option from "1-7 bonus damage", "3-26 bonus damage", "blink", "teleport", or {banish}. When you unwield, you suffer wild translocation effects - up to 43 raw damage, banishment, teleport+confusion, or lots of glow. The probability of banishment from unwielding is 207/896, or about 23%.
  1200 | D:2      | oplop: ??distortion[2
  1200 | D:2      | beem: distortion[2/5]: Lugonu prevents distortion unwield effects. You can also use a scroll of brand weapon to safely unwield a distortion weapon.
  1200 | D:2      | oplop: ??distortion[3
  1200 | D:2      | beem: distortion[3/5]: If you banish the royal jelly, you can banish yourself, then hunt it down in the Abyss and kill it to unlock the Slime:6 vaults.
  1200 | D:2      | oplop: ??distortion[4
  1200 | D:2      | beem: distortion[4/5]: Banish, tele, blink, blink, tele, blink, banish, destroy!
  1200 | D:2      | oplop: ??distortion[4
  1200 | D:2      | beem: distortion[4/5]: Banish, tele, blink, blink, tele, blink, banish, destroy!
  1200 | D:2      | oplop: ??distortion[5
  1200 | D:2      | beem: distortion[5/5]: Yes, Trog and Okawaru can gift distortion. Have fun with that!
  1200 | D:2      | oplop: хм
  1200 | D:2      | oplop: хотя все таки эффекты у дисторта говно
  1401 | D:2      | Reached XP level 4. HP: 32/37 MP: 6/6
  1458 | D:2      | Wingboner: Стаберу хорошо.
  1470 | D:2      | oplop: о да
  1470 | D:2      | oplop: гоняться за вон тем толстым мудаком которого постоянно блинкает и тпшит
  1486 | D:2      | Wingboner: >гоняться
  1495 | D:2      | Slain by a gnoll

Skill      XL: |  1  2  3  4 |
---------------+-------------+-----
Fighting       | 4 |  4.2
Invocations    | 3 |  3.5
Axes           | 3 |  3.1
Armour         | |  2.1
Dodging        | |  0.8

Action                   |  1- 3 |  4- 6 || total
-------------------------+-------+-------++-------
Melee: Hand axe          |   124 |    33 ||   157
Invok: Bend Space        |       |     1 ||     1
  Use: Potion            |       |     2 ||     2
 Stab: Sleeping          |     1 |       ||     1
  Eat: Chunk             |     2 |       ||     2
Armor: Leather armour    |    40 |     4 ||    44
       Skin              |       |    23 ||    23
Dodge: Dodged            |    75 |    22 ||    97
